 Dungeon Crawl Stone Soup version 0.24.0-13-gcf9b319 (webtiles) character file.

Game seed: 10750264219036127424, levelgen mode: deterministic

106 Bronimir the Firebug (level 4, -2/42 HPs)
             Began as an Ogre Fire Elementalist on Apr 13, 2020.
             Slain by a gnoll
             ... wielding a +0 halberd
              (6 damage)
             ... on level 3 of the Dungeon.
             The game lasted 00:05:15 (3108 turns).

Bronimir the Firebug (Ogre Fire Elementalist)       Turns: 3108, Time: 00:05:15

Health: -2/42      AC:  3    Str: 13    XL:     4   Next: 84%
Magic:  5/8        EV:  9    Int: 16    God:
Gold:   75         SH:  0    Dex:  9    Spells: 3/9 levels left

rFire    . . .     SeeInvis +   a - +0 spear
rCold    . . .     Gourm    .   (no shield)
rNeg     . . .     Faith    +   i - +0 robe
rPois    .         Spirit   .   (helmet restricted)
rElec    .         Reflect  .   (no cloak)
rCorr    .         Harm     .   (gloves unavailable)
MR       .....                  (boots unavailable)
Stlth    +.........             q - amulet of faith
HPRegen  0.14/turn              n - ring of see invisible
MPRegen  0.11/turn              (no ring)

@: heavily drained
A: large, unfitting armour, tough skin 1
a: no special abilities


You were on level 3 of the Dungeon.
You were hungry.

You visited 1 branch of the dungeon, and saw 3 of its levels.

You collected 75 gold pieces.

Inventory:

Hand Weapons
 a - a +0 spear (weapon)
 g - a +0 short sword
 m - a +1 flail of draining
 r - a +0 club
Missiles
 d - 37 stones (quivered)
 j - 26 sling bullets
Armour
 i - a +0 robe (worn)
Jewellery
 b - an uncursed amulet of rage
 n - a ring of see invisible (left hand)
 q - an amulet of faith (around neck)
 s - an uncursed ring of wizardry {unknown}
Scrolls
 e - a scroll of fog
 f - a scroll of teleportation
 h - a scroll of amnesia {unknown}
 k - 2 scrolls of fear {unknown}
 o - a scroll of identify {unknown}
Potions
 l - a potion of lignification {unknown}
 p - a potion of cancellation {unknown}
Comestibles
 c - 2 rations
 t - 4 chunks of flesh


   Skills:
 * Level 1.8(0.1) Fighting
 * Level 0.5(0.0) Maces & Flails
 * Level 0.1(0.0) Polearms
 * Level 2.2(0.5) Dodging
 - Level 1.4(0.0) Stealth
 + Level 0.2(0.0) Unarmed Combat
 * Level 3.3(1.5) Spellcasting
 * Level 1.6(0.0) Conjurations
 * Level 3.3(1.6) Fire Magic


You had 3 spell levels left.
You knew the following spells:

 Your Spells              Type           Power        Failure   Level  Hunger
a - Flame Tongue          Conj/Fire      #....        16%         1    ##.....
b - Throw Flame           Conj/Fire      #.....       24%         2    ###....
c - Conjure Flame         Conj/Fire      #.......     43%         3    ####...

Your spell library contained the following spells:

 Spells                   Type           Power        Failure   Level  Hunger
 Inner Flame              Hex/Fire       #.......     43%         3    ####...
 Sticky Flame             Conj/Fire      #.......     83%         4    #####..
 Fireball                 Conj/Fire      #.........   99%         5    ######.


Dungeon Overview and Level Annotations

Branches:
Dungeon (3/15)

Altars:


Innate Abilities, Weirdness & Mutations

You are too large for most types of armour.
You have tough skin. (AC +1)


Message History

There is a stone staircase leading up here.
Casting: Flame Tongue (safe; 16% risk of failure)
Confirm with . or Enter, or press ? or * to list all spells.
Aiming: Flame Tongue (safe; 16% risk of failure)
Press: ? - help, Shift-Dir - straight line, f/p - gnoll
Aim: a gnoll, wielding a +0 halberd (moderately wounded)
The flame tongue hits the gnoll.
The gnoll is heavily wounded.
The gnoll hits you from afar with a +0 halberd.
Casting: Flame Tongue (safe; 16% risk of failure)
Confirm with . or Enter, or press ? or * to list all spells.
Aiming: Flame Tongue (safe; 16% risk of failure)
Press: ? - help, Shift-Dir - straight line, f/p - gnoll
Aim: a gnoll, wielding a +0 halberd (heavily wounded)
The flame tongue hits the gnoll.
The gnoll is almost dead.
The gnoll hits you from afar with a +0 halberd!
* * * LOW HITPOINT WARNING * * *
The gnoll hits you from afar with a +0 halberd.
You die...

#.##.# #.#
#.##g# #.#
#.##.# #g#
#.##.# #.#
#.##.# #.#
#.##.####.#
#.##......#
###.#########
#@#.# #.#.#
#g#.# ###
#g#g#
#.###.#.#
#.#...#.#
#.....#g#
#.#.#.#.#
#...#...#


You could see 2 gnolls.

Vanquished Creatures
  Terence (D:2)
  A gnoll (D:3)
  An adder (D:2)
  2 dart slugs
  2 leopard geckos (D:1)
  3 orcs (D:3)
  A ball python (D:2)
  5 bats
  A giant cockroach (D:2)
  5 hobgoblins
  4 jackals (D:1)
  8 kobolds
  2 frilled lizards (D:1)
  7 goblins
  9 rats
52 creatures vanquished.

Vanquished Creatures (others)
  6 toadstools (D:3)
6 creatures vanquished.

Grand Total: 58 creatures vanquished

Notes
Turn   | Place    | Note
-------+----------+-------------------------------------------
     0 | D:1      | Bronimir the Ogre Fire Elementalist began the quest for the
                  | Orb.
     0 | D:1      | Reached XP level 1. HP: 16/16 MP: 3/3
   186 | D:1      | Reached skill level 1 in Conjurations
   191 | D:1      | Reached XP level 2. HP: 26/26 MP: 1/5
   333 | D:1      | Learned a level 2 spell: Throw Flame
   588 | D:1      | Reached XP level 3. HP: 10/32 MP: 0/7
  1341 | D:2      | Noticed Terence
  1643 | D:1      | Learned a level 3 spell: Conjure Flame
  1867 | D:2      | Killed Terence
  1867 | D:2      | Reached skill level 1 in Fighting
  1867 | D:2      | Reached XP level 4. HP: 15/41 MP: 0/8
  3108 | D:3      | Slain by a gnoll

Levels and vault maps discovered:
D:1:      tarquinn_simple_flora_water_a, layout_basic
D:2:      layout_rooms, minmay_misc_feat_tower, uniq_terence
D:3:      cheibrodos_fertilizer, layout_basic, minmay_misc_feat_diagonals,
          serial_bayou_pond_e, chequers_mini_garden, minmay_vboxes, uniq_natasha

Skill      XL: |  1  2  3 |
---------------+----------+-----
Conjurations   | 1 |  1.6
Fire Magic     | 3 |  3.3
Spellcasting   | 3 |  3.3
Dodging        | 2 |  2.2
Fighting       | 1 |  1.8
Maces & Flails | |  0.5
Polearms       | |  0.1
Stealth        | |  1.4
Unarmed Combat | |  0.2

Action                   |  1- 3 |  4- 6 || total
-------------------------+-------+-------++-------
Melee: Unarmed           |    51 |       ||    51
       Club              |    53 |       ||    53
       Short sword       |     6 |       ||     6
       Spear             |       |    51 ||    51
       Flail             |       |    11 ||    11
 Cast: Flame Tongue      |    52 |    22 ||    74
  Use: Scroll            |     3 |       ||     3
 Stab: Sleeping          |       |     1 ||     1
  Eat: Chunk             |     1 |     3 ||     4
       Ration            |     1 |       ||     1
Armor: Robe              |    46 |    28 ||    74
Dodge: Dodged            |    95 |    39 ||   134
